 Dungeon Crawl Stone Soup version 0.26.1-11-gd32895ea62 (webtiles) character file.

Game seed: 3546071812354251909

879 seveneves the Slasher (level 7, -5/61 HPs)
             Began as a Minotaur Fighter on July 22, 2021.
             Was an Initiate of Nemelex Xobeh.
             Splashed by a jelly's acid (11 damage)
             ... on level 4 of the Dungeon.
             The game lasted 00:15:01 (2577 turns).

seveneves the Slasher (Minotaur Fighter)            Turns: 2577, Time: 00:15:04

Health: -5/61      AC: -3    Str: 22    XL:     7   Next: 75%
Magic:  6/6        EV:  9    Int:  5    God:    Nemelex Xobeh [......]
Gold:   355        SH: 10    Dex: 10    Spells: 6/6 levels left

rFire    + . .     SeeInvis .   a - +1 long sword
rCold    . . .     Faith    +   c - +0 kite shield
rNeg     . . .     Spirit   .   b - +0 scale mail
rPois    .         Reflect  .   (helmet restricted)
rElec    .         Harm     .   (no cloak)
rCorr    .         Rampage  .   (no gloves)
Will     .....                  d - +0 pair of boots
Stlth    ..........             s - amulet of faith
HPRegen  0.20/turn              o - ring of protection from fire
MPRegen  0.10/turn              (no ring)

@: corroded
A: retaliatory headbutt, horns 2
a: Renounce Religion, Draw Escape, Draw Destruction, Draw Summoning


You were on level 4 of the Dungeon.
You worshipped Nemelex Xobeh.
Nemelex Xobeh was noncommittal.
You visited 1 branch of the dungeon, and saw 4 of its levels.
You also visited: Sewer.

You collected 355 gold pieces.

Inventory:

Hand Weapons
 a - a +1 long sword (weapon)
 n - a +2 spear of venom
Armour
 b - a +0 scale mail (worn)
 c - a +0 kite shield (worn)
 d - a +0 pair of boots (worn)
Jewellery
 i - an uncursed amulet of magic regeneration
 o - a ring of protection from fire (left hand)
 s - an amulet of faith (around neck)
 t - an uncursed ring of fire {unknown}
Wands
 j - a wand of digging (4) (quivered)
Scrolls
 k - a scroll of fear
 p - 5 scrolls of teleportation
 q - 2 scrolls of fog
 r - a scroll of amnesia
 w - a scroll of enchant armour {unknown}
 z - a scroll of remove curse
Potions
 e - a potion of cancellation
 g - a potion of magic
 h - a potion of ambrosia {unknown}
 l - a potion of heal wounds
 m - 2 potions of might
 u - a potion of berserk rage
 v - a potion of curing
 x - a potion of flight {unknown}


   Skills:
 + Level 5.5 Fighting
 + Level 6.5 Long Blades
 + Level 6.0 Armour
 + Level 2.7 Dodging
 + Level 5.9 Shields


You had 6 spell levels left.
You didn't know any spells.
Your spell library was empty.

Dungeon Overview and Level Annotations

Branches:
Dungeon (4/15)              Sewer (visited)
 Temple: D:4-7

Altars:
Nemelex Xobeh
Okawaru
Yredelemnul
The Shining One


Innate Abilities, Weirdness & Mutations

You reflexively headbutt those who attack you in melee.
You have a pair of horns on your head.


Message History

The jelly is lightly wounded.
The jelly hits you.
You are splashed with acid!
You hit the jelly.
Your hands burn!
You headbutt the jelly, but do no damage.
The jelly is heavily wounded.
The jelly hits you.
You are splashed with acid!
* * * LOW HITPOINT WARNING * * *
You barely miss the jelly.
The jelly is heavily wounded.
The jelly hits you.
* * * LOW HITPOINT WARNING * * *
The acid corrodes you!
You are splashed with acid!
* * * LOW HITPOINT WARNING * * *
You barely miss the jelly.
The jelly is heavily wounded.
The jelly hits you.
* * * LOW HITPOINT WARNING * * *
You are splashed with acid!
You die...
Your body disappears without a glow.

#.# #.# #(# #.#
##.# ##..#
##..##
#######..###
#....J@....#
#..........#
#.......$.....(
###############


You could see a jelly.

Vanquished Creatures
  Sigmund (D:2)
  Purgy (Sewer)
  A phantom (D:4)
  A scorpion (D:4)
  A hound (D:4)
  2 orc priests (D:3)
  An iguana (D:4)
  Terence (D:2)
  Natasha (D:3)
  An orc wizard (D:4)
  A worker ant (D:4)
  Robin (D:2)
  7 adders
  4 gnolls (D:3)
  2 river rats (D:3)
  2 oozes
  An adder skeleton (D:4)
  2 worms
  4 dart slugs
  4 leopard geckos
  11 orcs
  5 ball pythons
  5 bats
  8 giant cockroaches
  16 goblins
  7 hobgoblins
  6 jackals
  4 quokkas
  8 frilled lizards
  2 kobolds
  8 rats
119 creatures vanquished.

Notes
Turn   | Place    | Note
-------+----------+-------------------------------------------
     0 | D:1      | seveneves the Minotaur Fighter began the quest for the Orb.
     0 | D:1      | Reached XP level 1. HP: 19/19 MP: 0/0
    56 | D:1      | Reached XP level 2. HP: 17/27 MP: 1/1
   422 | D:2      | Noticed Terence
   437 | D:2      | Killed Terence
   438 | D:2      | Reached XP level 3. HP: 30/33 MP: 2/2
   475 | D:2      | Noticed Sigmund
   487 | D:2      | Killed Sigmund
   488 | D:2      | Reached skill level 1 in Dodging
   488 | D:2      | Reached XP level 4. HP: 31/41 MP: 3/3
   488 | D:2      | Reached XP level 5. HP: 36/47 MP: 4/4
   546 | D:2      | Identified the +1 helmet of the Dwarven Hall {Rampage rN++
                  | Str-4 Dex+2}
   546 | D:2      | Noticed Robin
   557 | D:2      | Killed Robin
   560 | D:2      | Reached skill level 5 in Long Blades
   714 | D:2      | Reached XP level 6. HP: 39/53 MP: 5/5
   775 | D:2      | Found an iron altar of Okawaru.
   929 | D:2      | Found a basalt altar of Yredelemnul.
   992 | D:2      | Reached skill level 5 in Armour
  1168 | D:3      | HP: 1/53 [goblin (2)]
  1354 | D:3      | Noticed Natasha
  1356 | D:3      | Found a sparkling altar of Nemelex Xobeh.
  1360 | D:3      | Killed Natasha
  1361 | D:3      | Reached skill level 5 in Shields
  1369 | D:3      | Became a worshipper of Nemelex Xobeh the Trickster
  1439 | D:3      | Found a glowing drain.
  1453 | D:3      | Reached skill level 5 in Fighting
  1458 | D:3      | HP: 1/56 [frilled lizard (3)]
  1523 | Sewer    | Entered a sewer
  1563 | Sewer    | Noticed Purgy
  1588 | Sewer    | Killed Purgy
  1589 | Sewer    | Reached XP level 7. HP: 7/61 MP: 6/6
  1908 | D:3      | Found a glowing golden altar of the Shining One.
  2577 | D:4      | Splashed by a jelly's acid

Illustrated notes

Levels and vault maps discovered:
D:1:      dpeg_arrival_stone_temple_mockup, layout_rooms, supply_closet_lemuel
D:2:      layout_basic, lemuel_round_altar, yredelemnul_altar_generic,
          minmay_fractal_squares_5, uniq_robin, uniq_sigmund, uniq_terence
D:3:      layout_basic, nicolae_overflow_hidden_temple, lemuel_doored_altar,
          cheibrodos_sewer_entry_sluice, uniq_natasha
D:4:      layout_rooms, kennysheep_mini

Skill      XL: |  1  2  3  4  5  6  7 |
---------------+----------------------+-----
Fighting       | 4 5 |  5.5
Shields        | 4 5 |  5.9
Armour         | 4 5 6 |  6.0
Long Blades    | 3 4 5 6 |  6.5
Dodging        | 1 2 |  2.7

Action                   |  1- 3 |  4- 6 |  7- 9 || total
-------------------------+-------+-------+-------++-------
Melee: Long sword        |    72 |   148 |    98 ||   318
       Headbutt          |    11 |    24 |    18 ||    53
Evoke: Wand              |       |     2 |       ||     2
  Use: Potion            |     2 |     4 |       ||     6
       Scroll            |       |     8 |     7 ||    15
Armor: Scale mail        |    30 |   103 |    53 ||   186
Dodge: Dodged            |    32 |    87 |    25 ||   144
Block: Kite shield       |    39 |   142 |    65 ||   246
       Rpst.: Long sword |    13 |    19 |    10 ||    42
